[Event "NJSK 2021 Jeugd C"]
[Site "Almelo, Netherlands"]
[Date "2021.08.05"]
[Round "7.5"]
[White "Kurt, Sascha"]
[Black "Katpatal, Akshaj"]
[Result "1/2-1/2"]
[TimeControl "90min + 30sec/move"]
[WhiteElo "1650"]
[BlackElo "1650"]

1. e4 e5 2. Nf3 Nc6 3. d4 exd4 4.
Nxd4 Bc5 5. Be3 Bb6 6. Nxc6 bxc6 7. Bxb6 cxb6 8. Nc3 Ne7 9. e5 O-O 10. Bd3 Ng6 11. O-O Nf4 12. Ne4 d5 13.
exd6 f5 14. Ng3 Be6 15. Qd2 Qxd6 16.
Nxf5 Rxf5 17. Rad1 Nxd3 18. Qxd3 Rd5 19. Qe2 Rd8 20. Rxd5 Qxd5 21. b3 Bf7 22. Qa6 Bh5 23. h3 Qf7 24.
f4 Qe7 25. Qc4+ Bf7 26. Qxc6 Qc5+ 27. Qxc5 bxc5 28. Rf2 c4 29. Re2 Rd1+ 30. Kf2 Ra1 31. bxc4 Bxc4 32. Re4 Bb5 33. Rb4 a6 34.
Rb2 Kf7 35. g4 Ke6 36. c3 Rc1 37. a4 Bc4 38. Rb6+ Kd5 39. Rb7 Rc2+ 40. Kg3 Rxc3+ 41. Kh4 Bf1 42. Rxg7 Rxh3+ 43. Kg5 h6 44.
Kf6 Ke4 45. f5 Kf4 46. Rg6 Be2 47. Kg7 Bxg4 48. Rxa6 Rg3 49. Rxh6 Bxf5+ 50. Kf6 Bc2 51. Rh4+ Rg4 1/2-1/2

[Event "NJSK 2021 Jeugd C"]
[Site "Almelo, Netherlands"]
[Date "2021.08.05"]
[Round "7.6"]
[White "Verheij, Dana"]
[Black "Ponomarev, Ivan"]
[Result "1/2-1/2"]
[TimeControl "90min + 30sec/move"]
[WhiteElo "1931"]
[BlackElo "1723"]

1. e4 c5 2. c3 e6 3. d4 d5 4. exd5 Qxd5 5. Nf3 Nc6 6. Na3 cxd4 7. Nb5 Bd6 8. Nxd6+ Qxd6 9. Nxd4 Nxd4 10.
Qxd4 Qxd4 11. cxd4 Bd7 12. Bf4 Ne7 13. Bd3 Bc6 14. O-O O-O 15. Rac1 Rfd8 16. Bg5 Rd7 17. Rfe1 h6 18. Be3 Rad8 19.
Bb1 Nd5 20. h3 a6 21. a3 Nc7 22. f4 Nb5 23. f5 exf5 24. Bxf5 Rd6 25. d5 Rxd5 26. Bb6 Rb8 27. Be4 Rd2 28.
Bxc6 bxc6 29. Rxc6 Rxb2 30. a4 Na3 31. a5 Rc2 32. Rxc2 Nxc2 33. Re7 Nb4 34. Rd7 Rc8 35. Rd4 Nc2 36.
Rd7 Ra8 37. Kf2 Na3 38. Rc7 Nb5 39. Rd7 g5 40. Kf3 Kg7 41. g3 Kg6 42. Ke4 Rc8 43. Rd3 f5+ 44. Kd5 f4 45. gxf4 gxf4 46.
Ke5 Rf8 47. Rf3 Kg5 48. Ke6 Rc8 49. Ke5 h5 50. h4 Kxh4 51. Ke4 1/2-1/2

[Event "NJSK 2021 Jeugd C"]
[Site "Almelo, Netherlands"]
[Date "2021.08.05"]
[Round "7.7"]
[White "Aravindhan, Achyuth"]
[Black "Krylov, Philippe"]
[Result "1-0"]
[TimeControl "90min + 30sec/move"]
[WhiteElo "1031"]
[BlackElo "1339"]

1. e4 c6 2. d4 d5 3. Nc3 dxe4 4. Nxe4 Bf5 5. Ng3 Bg6 6. h4 h6 7. Nf3 Nd7 8. Bd3 Bxd3 9. Qxd3 e6 10.
Bf4 Ngf6 11. O-O-O Be7 12. Ne4 Nxe4 13. Qxe4 Nf6 14. Qe2 Nd5 15. Be5 Bf6 16. g4 Bxe5 17. Qxe5 Qf6 18. Qxf6 Nxf6 19.
g5 Ne4 20. Rhf1 hxg5 21. hxg5 g6 22. Rde1 Nd6 23. Ne5 Ke7 24. c4 Nf5 25. d5 cxd5 26. cxd5 Ng7 27. d6+ Ke8 28. d7+ Ke7 29. Rd1 Nf5 30.
Rd3 Rad8 31. Rfd1 Rh5 32. Rb3 Nd6 33. Rxd6 Kxd6 34. Nxf7+ Ke7 35. Nxd8 Kxd8 36. Rxb7 Rxg5 37. Rxa7 Rf5 38.
b4 Rxf2 39. b5 Rf7 40. b6 Rxd7 41. b7 Kc7 42. b8=Q+ 1-0

[Event "NJSK 2021 Jeugd C"]
[Site "Almelo, Netherlands"]
[Date "2021.08.05"]
[Round "7.8"]
[White "Pancharajah, Abisan"]
[Black "Madularea, David"]
[Result "0-1"]
[TimeControl "90min + 30sec/move"]
[WhiteElo "1650"]
[BlackElo "1656"]

1. e4 c5 2. Nf3 d6 3. d4 cxd4 4. Nxd4 Nf6 5. Nc3 a6 6. f3 h5 7. Be3 e5 8. Nb3 Be6 9. Qd2 Be7 10.
O-O-O Nbd7 11. Be2 Rc8 12. h4 b5 13. Rdg1 Nb6 14. Kb1 Nc4 15. Bxc4 Bxc4 16. g4 hxg4 17. fxg4 b4 18. Na4 Nxe4 19.
Qxb4 d5 20. Qe1 Bxb3 21. axb3 Rxh4 22. Nb6 Rc6 23. Na4 g5 24. c4 dxc4 25. Bc1 Qd3+ 26. Ka1 cxb3 27. Qa5 Qb5 28. Qxb5 axb5 29.
Nc3 Nxc3 30. bxc3 Rxc3 31. Bb2 Re3 32. Re1 Rxh1 33. Rxh1 f6 34. Rh8+ Kf7 35. Bc1 Re1 36. Kb2 Ba3+ 37.
Kxa3 Rxc1 38. Kxb3 Rc4 39. Rb8 Rxg4 40. Rxb5 Kg6 41. Rb6 Rd4 42. Kc3 g4 43. Rb8 Kf5 44. Rb1 g3 45. Rf1+ Kg5 46.
Rg1 Kg4 47. Rf1 f5 48. Rg1 f4 49. Re1 g2 50. Rxe5 g1=Q 51. Re1 Qxe1+ 52. Kxd4 f3 53. Kd5 f2 54. Kd6 f1=Q 55. Kc7 Qb5 56. Kc8 Qee8+ 0-1

[Event "NJSK 2021 Jeugd C"]
[Site "Almelo, Netherlands"]
[Date "2021.08.05"]
[Round "7.9"]
[White "Blom, Rens"]
[Black "Kumar, Prayan Sai"]
[Result "1-0"]
[TimeControl "90min + 30sec/move"]
[WhiteElo "1650"]
[BlackElo "1652"]

1. c4 Nf6 2. Nc3 e6 3. e4 d6 4. d4 h6 5. Nf3 b6 6. Bf4 Bb7 7. d5 e5 8. Be3 Be7 9. Nd2 Nh7 10.
Be2 Bg5 11. Bxg5 hxg5 12. f3 Nd7 13. b4 Nhf6 14. g3 Nf8 15. Nb3 N6d7 16. Na4 Ng6 17. c5 Nf6 18. Bb5+ Kf8 19. cxd6 Qxd6 20.
a3 a6 21. Be2 Nh5 22. O-O Qd7 23. g4 Nhf4 24. Nb2 Rh4 25. Kh1 Ke7 26. Rf2 Rah8 27. Bf1 R8h7 28. Nc4 b5 29. Nc5 Qc8 30.
d6+ Ke8 1-0

[Event "NJSK 2021 Jeugd C"]
[Site "Almelo, Netherlands"]
[Date "2021.08.05"]
[Round "7.10"]
[White "Ramdien, Steven"]
[Black "Lopes, Samuel"]
[Result "1-0"]
[TimeControl "90min + 30sec/move"]
[WhiteElo "1589"]
[BlackElo "1124"]

1. e4 c5 2. Nf3 e6 3. d4 cxd4 4. Nxd4 Nf6 5. Nc3 Nc6 6. Bf4 Bb4 7. Ndb5 Nxe4 8. Qf3 d5 9. Nc7+ Kf8 10.
Rd1 Qf6 11. Rd3 Nd4 12. Rxd4 Qxd4 13. Bd3 e5 14. O-O exf4 15. N3xd5 Nd2 16. Qe2 Bg4 17. Qxg4 Nxf1 18. Qf5 Qxb2 19.
Nxa8 g6 20. Qxf4 Nd2 21. Qxb4+ Qxb4 22. Nxb4 Kg7 23. Nc7 Rc8 24. Nbd5 Nb1 25. c4 Nc3 26. Nxc3 Rxc7 27. f3 a6 28. a4 h5 29. Kf2 Kh6 30.
Ke3 f5 31. Nd5 Rc6 32. Kd4 b6 33. Ke5 h4 34. f4 Kg7 35. Kd4 Kh6 36. Kc3 b5 37. Kb4 bxc4 38. Bxc4 Kg7 39. a5 Kf8 40. Nb6 Ke7 41. Bxa6 Rc2 42. Bb7 Rb2+ 43. Kc5 Ra2 44.
a6 Kf6 45. Kb5 g5 46. fxg5+ Kxg5 47. Na4 Rd2 48. a7 Rd8 49.
Nb6 Re8 50. Nc8 Re5+ 51. Kb6 Re6+ 52. Bc6 h3 53. gxh3 f4 54. a8=Q f3 55. Qa5+ Kg6 56. Qd2 Rf6 57. Qf2 Kg5 58.
Ne7 Kh6 59. Ng8 Kh7 60. Nxf6+ Kh6 61. Qxf3 Kg7 62. Ne8+ Kh6 63. Qg4 Kh7 64. Qg7+ 1-0

[Event "NJSK 2021 Jeugd C"]
[Site "Almelo, Netherlands"]
[Date "2021.08.05"]
[Round "7.11"]
[White "Kien, Lancelot"]
[Black "Lankheet, Hidde"]
[Result "1-0"]
[TimeControl "90min + 30sec/move"]
[WhiteElo "1650"]
[BlackElo "1000"]

1. e4 e5 2. Nf3 Nc6 3. Bc4 Nf6 4. d3 Bc5 5. c3 a6 6. Nbd2 O-O 7. h3 b5 8. Bb3 d6 9. Nf1 Bb7 10.
Ng3 Ne7 11. Bg5 Ng6 12. Nh5 c6 13. Nxf6+ gxf6 14. Bh6 Re8 15. g3 Kh8 16. Bxf7 Re7 17. Bxg6 hxg6 18. Nh4 Qg8 19. Be3 Bxe3 20.
fxe3 f5 21. exf5 gxf5 22. Nxf5 Rf7 23. g4 Qd8 24. e4 d5 25. O-O dxe4 26. dxe4 Qb6+ 27. Kg2 c5 28. Qc2 Rd8 29. Rad1 Rxd1 30.
Rxd1 Rf8 31. Rd6 Qc7 32. Rh6+ Kg8 33. Qd3 Rxf5 34. gxf5 Qg7+ 1-0

[Event "NJSK 2021 Jeugd C"]
[Site "Almelo, Netherlands"]
[Date "2021.08.05"]
[Round "7.12"]
[White "Ekker, Joshua"]
[Black "Sazonov, Fedor"]
[Result "0-1"]
[TimeControl "90min + 30sec/move"]
[WhiteElo "1695"]
[BlackElo "1650"]

1. e4 c5 2. Nf3 d6 3. d4 cxd4 4. Nxd4 Nf6 5. Nc3 g6 6. Be3 Bg7 7. f3 O-O 8. Bc4 Nc6 9. Qd2 Bd7 10.
O-O-O Rc8 11. Bb3 Nxd4 12. Bxd4 a5 13. g4 b5 14. a3 b4 15. axb4 axb4 16. Na2 Be6 17. Bxe6 fxe6 18. Nxb4 Qa5 19.
b3 Ra8 20. Bb2 Nxe4 21. fxe4 Qa1+ 0-1

[Event "NJSK 2021 Jeugd C"]
[Site "Almelo, Netherlands"]
[Date "2021.08.06"]
[Round "8.1"]
[White "Zecha, Oscar"]
[Black "De Winter, Arthur"]
[Result "0-1"]
[TimeControl "90min + 30sec/move"]
[WhiteElo "1650"]
[BlackElo "2000"]

1. d4 Nf6 2. c4 g6 3. g3 Bg7 4. Bg2 O-O 5. Nc3 d6 6. Nf3 Nbd7 7. O-O e5 8. e4 exd4 9. Nxd4 Re8 10.
Bf4 Nc5 11. Re1 Ne6 12. Be3 Nxd4 13.
Bxd4 Be6 14. c5 dxc5 15. Bxc5 Nd7 16. Be3 Ne5 17. Bf4 c6 18. Qc2 Qd3 19. Qe2 Bg4 20. Qe3 Qxe3 21. Rxe3 Nc4 22.
Ree1 Nxb2 23. Rec1 Rad8 24. h3 Be6 25. Rab1 Nd3 26. Rc2 b6 27. a4 Rd4 28. Be3 Rc4 29. Bf1 Rxc3 30. Rxc3 Bxc3 31. Bxd3 Rd8 32. Bf1 c5 33. Kh2 Kf8 34.
Bb5 Ke7 35. Kg2 Bd2 36. Bxd2 Rxd2 37. Rc1 Kf6 38. h4 Ke5 39. Kf3 Kd4 40. Kg2 c4 41. Kf1 c3 42. Ke1 Bc4 43. Bc6 Re2+ 44.
Kd1 Rxf2 45. a5 Rf1+ 46. Kc2 Bd3+ 47. Kb3 Rxc1 48. axb6 Rb1+ 49. Ka4 Rxb6 50. Bd5 c2 51. h5 c1=Q 52.
Ba2 Qb2 53. hxg6 Qb4# 0-1

[Event "NJSK 2021 Jeugd C"]
[Site "Almelo, Netherlands"]
[Date "2021.08.06"]
[Round "8.2"]
[White "Kumar, Prajit Sai"]
[Black "Kurt, Sascha"]
[Result "1-0"]
[TimeControl "90min + 30sec/move"]
[WhiteElo "1811"]
[BlackElo "1650"]

1. d4 Nf6 2. c4 g6 3. Nc3 Bg7 4. e4 d6 5. Nf3 O-O 6. h3 e5 7. d5 a5 8. g4 Na6 9. Be3 Nd7 10.
a3 Nb6 11. Rg1 Bd7 12. h4 Nc5 13. b3 Bf6 14. g5 Bg7 15. h5 a4 16. b4 Nb3 17. Rb1 Qe7 18. Be2 Nc8 19. Nd2 Nd4 20.
Bg4 Nb6 21. Bxd7 Qxd7 22. c5 Nc8 23. Nf3 Nxf3+ 24. Qxf3 f5 25. hxg6 hxg6 26. Qh3 Kf7 27. exf5 Qxf5 28. Qxf5+ gxf5 29.
Nb5 c6 30. dxc6 bxc6 31. Nxd6+ Nxd6 32. cxd6 Rfd8 33. g6+ Kg8 34. Rd1 Bf8 35. d7 Bg7 36. Bb6 e4 37. Bxd8 Rxd8 38. Rg5 Bb2 39.
Rxf5 Bxa3 40. Re5 Bxb4+ 41. Ke2 Kg7 42. Rxe4 c5 43. Re6 a3 44. Rh1 a2 45. Rh7+ Kf8 46. Rf7+ Kg8 47. Re8+ 1-0

[Event "NJSK 2021 Jeugd C"]
[Site "Almelo, Netherlands"]
[Date "2021.08.06"]
[Round "8.3"]
[White "Bakija, Alan"]
[Black "Labruyere, Roger"]
[Result "0-1"]
[TimeControl "90min + 30sec/move"]
[WhiteElo "1870"]
[BlackElo "2003"]

1. c4 e5 2. Nc3 Nf6 3. Nf3 Nc6 4. e3 d5 5. cxd5 Nxd5 6. Bb5 Nxc3 7. bxc3 Bd6 8. d4 exd4 9. cxd4 O-O 10.
O-O Bg4 11. h3 Bh5 12. Bb2 Ne7 13. Rc1 c6 14. Be2 Bg6 15. Nh4 Be4 16. Bf3 f5 17. Bxe4 fxe4 18. Qg4 Nd5 19. Nf5 Rxf5 20.
Qxf5 Qe7 21. Rb1 Rf8 22. Qg4 Bb8 23. Bc1 Nf6 24. Qe2 Qc7 25. f4 exf3 26. gxf3 Qd7 27. Qg2 Nh5 28. f4 Rf6 29.
Kh2 Rg6 30. Qf3 Qf7 31. Rg1 Rxg1 32. Kxg1 Qg6+ 33. Kh2 Qxb1 34. Qxh5 Qxa2+ 35. Kg3 Qf7 36. Qg5 Qg6 37. Qxg6 hxg6 38.
Kg4 b5 39. Kg5 Kf7 40. e4 a5 41. e5 Ba7 42. Bb2 b4 43. e6+ Kxe6 44. Kxg6 a4 45. f5+ Kd5 46. Kxg7 a3 47. Bc1 Bxd4+ 48. f6 a2 0-1

[Event "NJSK 2021 Jeugd C"]
[Site "Almelo, Netherlands"]
[Date "2021.08.06"]
[Round "8.4"]
[White "Smeets, Kobe"]
[Black "Katpatal, Akshaj"]
[Result "1-0"]
[TimeControl "90min + 30sec/move"]
[WhiteElo "1897"]
[BlackElo "1650"]

1. e4 e5 2. Nf3 Nc6 3. Bb5 Bc5 4. O-O Nf6 5. Nxe5 Nxe5 6. d4 Bb6 7. dxe5 Nxe4 8. Qg4 Nxf2 9. Rxf2 Bxf2+ 10. Kxf2 Qe7 11. Nc3 O-O 12. Bg5 Qc5+ 13. Be3 Qe7 14. Bd3 d6 15. Qe4 f5 16. exf6 Qxf6+ 17. Kg1 Bf5 18. Qc4+ Kh8 19.
Nd5 Qe6 20. Bd4 Bxd3 21. Qxd3 Rae8 22.
h3 Qf5 23. Qxf5 Rxf5 24. Nxc7 Re7 25. Bxa7 Rxc7 26. c3 h6 27. Bd4 Re7 28. Rf1 Rxf1+ 29. Kxf1 Kg8 30. a4 Kf7 31. b4 Ke6 32. Ke2 Kf5+ 33. Kf3 g5 34. g4+ Kg6 35. Be3 h5 36.
a5 hxg4+ 37. hxg4 Rc7 38. Bd4 d5 39. b5 Rc8 40. a6 bxa6 41. bxa6 Re8 42. a7 Kf7 43. Be5 Ra8 44. Bb8 Ke6 45. Ke3 Kd7 46. Kd3 Ke7 47.
Kd4 Ke6 48. Kc5 Kf7 49. Kxd5 Ke7 50. Kc6 Rxa7 51. Bxa7 Kd8 52. Kb7 Kd7 53. c4 Kd6 54. c5+ Ke5 55. c6 Kf4 56. c7 Kg3 57.
c8=Q Kh2 58. Qc3 Kh1 59. Qh3# 1-0

[Event "NJSK 2021 Jeugd C"]
[Site "Almelo, Netherlands"]
[Date "2021.08.06"]
[Round "8.5"]
[White "Aravindhan, Achyuth"]
[Black "Dekker, Thiemen"]
[Result "0-1"]
[TimeControl "90min + 30sec/move"]
[WhiteElo "1031"]
[BlackElo "1806"]

1. e4 e5 2. Nf3 Nc6 3. Bb5 f5 4. Nc3 fxe4 5. Nxe4 Nf6 6. Qe2 d5 7. Nxf6+ Qxf6 8. Qxe5+ Qxe5+ 9. Nxe5 Bd7 10.
Nxd7 Kxd7 11. d3 Bc5 12. Bf4 Rae8+ 13. Kf1 a6 14. Bxc6+ bxc6 15. g4 Rb8 16. Be5 Rhf8 17. d4 Bd6 18.
Bxd6 Kxd6 19. Rb1 Rf4 20. Rg1 Rxd4 21.
Rg3 Rf8 22. Re1 Rdf4 23. Re2 d4 24. h3 c5 25. Ra3 c4 26. Rxa6+ c6 27. Ra7 R8f7 28. Ra3 Rf3 29. Rxf3 Rxf3 30.
Kg2 Rf7 31. f3 Ra7 32. a3 Rb7 33. c3 d3 34. Rd2 Kc5 35. Kf2 Kb5 36. Ke1 Ka4 37. Kd1 Re7 38. f4 Re3 39. h4 Rf3 40. Ke1 Rxf4 41. Rg2 Kb3 42. Kd2 Rf1 43. Ke3 Rc1 44.
Rf2 Rc2 45. Rd2 Rc1 46. Rg2 Re1 47. Kd2 Re4 48. Kd1 g6 49. Kc1 h5 50. gxh5 gxh5 51. Rh2 Rg4 52. Kd1 Rg1+ 53. Kd2 Kxb2 54.
Rf2 Kxa3 55. Rf5 Rg2+ 56. Kd1 Kb2 57. Rxh5 Kxc3 0-1

[Event "NJSK 2021 Jeugd C"]
[Site "Almelo, Netherlands"]
[Date "2021.08.06"]
[Round "8.6"]
[White "Ponomarev, Ivan"]
[Black "Arnold, Rhys"]
[Result "0-1"]
[TimeControl "90min + 30sec/move"]
[WhiteElo "1723"]
[BlackElo "1748"]

1. e4 c5 2. Nf3 e6 3. d4 cxd4 4. Nxd4 Nf6 5. Nc3 Nc6 6. Ndb5 d6 7. Bf4 e5 8. Bg5 a6 9. Bxf6 gxf6 10.
Na3 f5 11. f3 f4 12. Qd2 Be7 13. O-O-O Be6 14. Nd5 b5 15. Kb1 Rc8 16. c3 Bxd5 17. Qxd5 O-O 18. g3 fxg3 19. hxg3 Kh8 20.
Qd2 Rg8 21. Bxb5 axb5 22. Rxh7+ Kxh7 23.
Rh1+ Bh4 24. Rxh4+ Qxh4 25. gxh4 b4 26. cxb4 Nd4 27. b3 Rg1+ 28. Kb2 Rcg8 29. Qe3 R8g2+ 30. Kc3 Rg3 31. Kc4 R1g2 32.
b5 Rxa2 33. Kb4 Rxa3 34. Qxd4 exd4 35. Kxa3 Rg8 36. Kb4 d3 37. Kc3 Rb8 38. Kxd3 Rxb5 39. Kc4 Rc5+ 40. Kd4 Rh5 41. b4 Rxh4 42.
Kd5 Rh5+ 43. Kxd6 Rb5 44. Ke7 Kg7 45. e5 Rxe5+ 0-1

[Event "NJSK 2021 Jeugd C"]
[Site "Almelo, Netherlands"]
[Date "2021.08.06"]
[Round "8.7"]
[White "Madularea, David"]
[Black "Verheij, Dana"]
[Result "0-1"]
[TimeControl "90min + 30sec/move"]
[WhiteElo "1656"]
[BlackElo "1931"]

1. e4 c5 2. Nf3 d6 3. d4 cxd4 4. Nxd4 Nf6 5. Nc3 a6 6. Bg5 e6 7. f4 Be7 8. Qf3 Qc7 9. O-O-O Nbd7 10.
Bd3 b5 11. Rhe1 Bb7 12. Kb1 b4 13. Nce2 O-O 14. Nc1 Rfe8 15. Qh3 Nc5 16. Bxf6 Bxf6 17. e5 Nxd3 18. Nxd3 dxe5 19. fxe5 Be7 20.
Nf4 Rac8 21. Qg4 Red8 22. Nh5 Bf8 23. Re2 a5 24. Rd3 Ba6 25. Rh3 Kh8 26. Rd2 Qxe5 27. Nf3 Qe2 0-1

[Event "NJSK 2021 Jeugd C"]
[Site "Almelo, Netherlands"]
[Date "2021.08.06"]
[Round "8.8"]
[White "Ramdien, Steven"]
[Black "Blom, Rens"]
[Result "0-1"]
[TimeControl "90min + 30sec/move"]
[WhiteElo "1589"]
[BlackElo "1650"]

1. e4 d6 2. d4 Nf6 3. Nc3 g6 4.
Bg5 Bg7 5. Bc4 O-O 6. Qd2 c6 7. f3 b5 8. Bb3 a5 9. a3 a4 10. Ba2 Qa5 11. g4 c5 12. d5 b4 13. Nge2 bxc3 14.
Nxc3 Nbd7 15. h4 Ne5 16. Rh3 Rb8 17. h5 gxh5 18. Bh6 Rxb2 19. Bxg7 Kxg7 20. O-O-O Rb7 21. Rg1 Kh8 22. g5 Nxe4 23.
fxe4 Bxh3 24. Rg3 Bg4 25. Qf4 Ng6 26. Qf2 f6 27. Ne2 fxg5 28. Qg2 Qe1# 0-1

[Event "NJSK 2021 Jeugd C"]
[Site "Almelo, Netherlands"]
[Date "2021.08.06"]
[Round "8.9"]
[White "Krylov, Philippe"]
[Black "Kien, Lancelot"]
[Result "1/2-1/2"]
[TimeControl "90min + 30sec/move"]
[WhiteElo "1339"]
[BlackElo "1650"]

1. d4 d5 2. c4 dxc4 3. e3 e6 4. Bxc4 Nf6 5. Nf3 c5 6. O-O a6 7. dxc5 Qxd1 8. Rxd1 Bxc5 9. Nbd2 b5 10.
Be2 Bb7 11. b3 O-O 12. Bb2 Nbd7 13. Rac1 Bb6 14. Nd4 Rac8 15. Bf3 Nd5 16. g3 Ne5 17. Bxd5 Rxc1 18. Rxc1 exd5 19. Ne6 fxe6 20.
Bxe5 Ba5 21. Nb1 g5 22. a3 g4 23. b4 Bb6 24. Nd2 Kf7 25. Nb3 Rc8 26. Rxc8 Bxc8 27. Nd4 Bxd4 28. exd4 Kg6 29.
f3 h5 30. h3 Kf5 31. hxg4+ hxg4 32. fxg4+ Kxg4 33. Kf2 Bd7 34. Ke3 Be8 35. Kd3 Kf3 36. Kc3 Bh5 37. Kb3 Ke3 38. Kc3 1/2-1/2

[Event "NJSK 2021 Jeugd C"]
[Site "Almelo, Netherlands"]
[Date "2021.08.06"]
[Round "8.10"]
[White "Pancharajah, Abisan"]
[Black "Ekker, Joshua"]
[Result "1/2-1/2"]
[TimeControl "90min + 30sec/move"]
[WhiteElo "1650"]
[BlackElo "1695"]

1. e4 e5 2. Nf3 Nc6 3. Bb5 a6 4. Ba4 Nf6 5. O-O b5 6. Bb3 Bc5 7. c3 d6 8. a4 Bb7 9. d3 h6 10.
Nbd2 O-O 11. h3 Re8 12. Re1 Ne7 13. Nf1 Ng6 14. Ng3 d5 15. Bd2 dxe4 16. dxe4 Qd7 17. Qc1 Kh7 18. Bc2 Qe6 19.
b4 Bf8 20. Rb1 Bc6 21. a5 Qd7 22. Be3 Red8 23. Rb2 Qe8 24. Bb1 Rab8 25. Rbe2 Rd7 26. c4 bxc4 1/2-1/2

[Event "NJSK 2021 Jeugd C"]
[Site "Almelo, Netherlands"]
[Date "2021.08.06"]
[Round "8.11"]
[White "Kumar, Prayan Sai"]
[Black "Sazonov, Fedor"]
[Result "1/2-1/2"]
[TimeControl "90min + 30sec/move"]
[WhiteElo "1652"]
[BlackElo "1650"]

1. d4 d5 2. c4 e6 3. cxd5 exd5 4. Nc3 c6 5. Nf3 Be7 6. Bf4 Nf6 7. e3 Bf5 8. Be2 O-O 9. O-O Nbd7 10.
a3 a5 11. Bd3 Bxd3 12. Qxd3 Re8 13. Rab1 a4 14. Ne2 Ne4 15. Nd2 Ndf6 16. Nxe4 Nxe4 17. Rbd1 Bd6 18. Bxd6 Nxd6 19. Nc3 Nc4 20. Qc2 b5 21. Na2 Qg5 22. Nb4 Re6 23. Nd3 h5 24. Nf4 Rf6 25. Qe2 Qg4 26.
Qxg4 hxg4 27. Nd3 Re6 28. Rfe1 Kf8 29. Re2 f5 30. g3 Ke7 31. Kg2 Kd6 32. Nf4 Re4 33. Rc2 Rae8 34. Rdc1 g5 35. Nd3 Rc8 36. Nc5 Re7 37.
Kf1 Rcc7 38. Kg2 Rc8 39. Kf1 Rh7 40. Kg2 Rch8 41. Rh1 Ra7 42. Rhc1 Rb8 43. Nd3 Rab7 44. Kg1 Rb6 45. Kg2 Kc7 46.
Kg1 Kb7 47. Nc5+ Kc7 48. Nd3 Kd6 49. Kg2 Na5 50. Nb4 Rc8 51. Nd3 Nb3 52. Rh1 Rbb8 53. Re1 Rc7 54. Rd1 Rbb7 55. Re1 c5 56.
dxc5+ Nxc5 57. Nxc5 Rxc5 58. Rxc5 Kxc5 59. Rc1+ Kd6 60. Kf1 Rc7 61. Rxc7 Kxc7 62. Ke2 Kd6 63. Kd2 Ke5 64. Kd3 Ke6 65. Kc3 Ke5 66. Kb4 Ke4 67.
Kxb5 Kf3 68. Kxa4 Kxf2 69. b4 Kxe3 70. b5 d4 71. b6 d3 72. b7 d2 73. b8=Q d1=Q+ 74. Ka5 Qd2+ 75. Ka4 Qc2+ 76. Ka5 Qc5+ 77. Ka4 Qc4+ 78.
Ka5 Qc5+ 79. Ka4 Qc6+ 80. Ka5 Kd4 81. Qb4+ Qc4 82. Qd2+ Kc5 83. Qb4 Kd5 84. Qb7 Kd4 85. Qg7+ Ke4 86. Qxg5 Qc5+ 87. Ka4 Qc2+ 88. Ka5 Qc5+ 89.
Ka4 Qa7+ 90. Kb3 1/2-1/2

[Event "NJSK 2021 Jeugd C"]
[Site "Almelo, Netherlands"]
[Date "2021.08.06"]
[Round "8.12"]
[White "Lankheet, Hidde"]
[Black "Lopes, Samuel"]
[Result "1-0"]
[TimeControl "90min + 30sec/move"]
[WhiteElo "1000"]
[BlackElo "1124"]

1. e4 c5 2. Nf3 e6 3. d4 cxd4 4.
Nxd4 Nf6 5. Nc3 Nc6 6. Bf4 Bb4 7. Ndb5 Nxe4 8. Qf3 d5 9. Nc7+ Kf8 10. a3 Nd4 11. Qd3 Qf6 12. Be3 Nxc3 13.
Bxd4 Nb5+ 14. axb4 Nxd4 15. Nxa8 Qe5+ 16. Be2 Bd7 17. Rd1 Bb5 18. f4 Qxe2+ 19. Qxe2 Nxe2 20. Nc7 Bc4 21. b3 Nc3 22.
bxc4 Nxd1 23. Kxd1 dxc4 24. Nb5 a6 25. Nc3 b5 26. Ke2 Ke7 27. Rd1 f5 28. Ke3 h6 29. h4 Rg8 30. h5 g6 31.
Kf3 g5 32. g3 g4+ 33. Ke3 Ra8 34. Ra1 Kf6 35. Ne2 e5 36. fxe5+ Kxe5 37. Nf4 Kd6 38. Kd4 Ra7 39. c3 Ra8 40. Re1 a5 41. bxa5 Rxa5 42.
Re6+ Kc7 43. Rxh6 Ra1 44. Kc5 b4 45. Kxb4 Rg1 46. Ne2 Rg2 47. Re6 Kd7 48. Re3 Rh2 49. Nf4 Rf2 50. Kxc4 Kc7 51.
Re5 Rf3 52. Rxf5 Rxg3 53. h6 Rf3 54. h7 g3 55. Nd5+ Kd7 56. Rxf3 g2 57. Rg3 Ke6 58. Rxg2 Kf7 59. h8=Q Ke6 60. Qf6+ Kd7 61. Rg7+ Kc8 62. Qf8# 1-0

[Event "NJSK 2021 Jeugd C"]
[Site "Almelo, Netherlands"]
[Date "2021.08.07"]
[Round "9.1"]
[White "De Winter, Arthur"]
[Black "Smeets, Kobe"]
[Result "1-0"]
[TimeControl "90min + 30sec/move"]
[WhiteElo "2000"]
[BlackElo "1897"]

1. e4 c5 2. Nf3 e6 3. d4 cxd4 4. Nxd4 Nc6 5. Nc3 Qc7 6. g3 a6 7. Bg2 d6 8. O-O Bd7 9. Be3 Nf6 10.
Qe2 Be7 11. Nxc6 Bxc6 12. f4 Rc8 13. Bd4 e5 14. fxe5 dxe5 15. Bf2 Bb4 16. Nd5 Bxd5 17. exd5 O-O 18. c3 Bc5 19. Rad1 Rfd8 20.
Kh1 Qd6 21. Rfe1 Re8 22. Be3 Bxe3 23. Qxe3 e4 24. Qd4 Re5 25. c4 Rce8 26. c5 Qxd5 27. Qxd5 Nxd5 28. Rxe4 Rxe4 29. Bxe4 Rxe4 30.
Rxd5 g6 31. Rd8+ Kg7 32. Rb8 Re7 33. Kg2 Kf6 34. Kf3 Ke5 35. Rd8 f5 36. h4 Rc7 37. b4 a5 38. a3 axb4 39. axb4 Rc6 40. Rb8 Rc7 41. Ke3 Rd7 42. Re8+ Kf6 43. b5 Rc7 44. Kd4 Kf7 45. Rd8 Ke7 46. Rd6 Rc8 47. Kd5 Rc7 48. Re6+ Kf7 49. c6 bxc6+ 50. Rxc6 Rb7 51. b6 Ke7 52. Kc5 Kd7 53. Rd6+ Ke7 54. Rd4 Rd7 55. Rxd7+ 1-0

[Event "NJSK 2021 Jeugd C"]
[Site "Almelo, Netherlands"]
[Date "2021.08.07"]
[Round "9.2"]
[White "Arnold, Rhys"]
[Black "Kumar, Prajit Sai"]
[Result "0-1"]
[TimeControl "90min + 30sec/move"]
[WhiteElo "1748"]
[BlackElo "1811"]

1. d4 d5 2. Nf3 Nf6 3. g3 b5 4. a4 b4 5. Bd2 e6 6. Bg2 Be7 7. O-O O-O 8. e3 Ba6 9. Re1 Nbd7 10.
Ne5 Nxe5 11. dxe5 Nd7 12. f4 f5 13. Kh1 Rb8 14. Bf1 Bb7 15. Bg2 a5 16. b3 Nc5 17. Bc1 Qd7 18. Bb2 Rbd8 19.
Nd2 Ba6 20. Bf1 Bxf1 21. Rxf1 Ne4 22. Nxe4 dxe4 23. Qxd7 Rxd7 24. Rad1 Rfd8 25. Rxd7 Rxd7 26. Rf2 Rd1+ 27. Kg2 Bc5 28.
Re2 Bb6 29. Kf2 Rb1 30. Bd4 c5 0-1

[Event "NJSK 2021 Jeugd C"]
[Site "Almelo, Netherlands"]
[Date "2021.08.07"]
[Round "9.3"]
[White "Labruyere, Roger"]
[Black "Dekker, Thiemen"]
[Result "1-0"]
[TimeControl "90min + 30sec/move"]
[WhiteElo "2003"]
[BlackElo "1806"]

1. e4 e5 2. Nf3 Nc6 3. Bb5 f5 4. exf5 e4 5. Qe2 Qe7 6. Bxc6 dxc6 7. Nd4 Qe5 8. Nf3 Qe7 9. Nd4 Qe5 10.
c3 Bxf5 11. Nxf5 Qxf5 12. d3 Nf6 13. Nd2 e3 14. Qxe3+ Be7 15. O-O O-O-O 16. Qxe7 Rhe8 17. Qb4 Rxd3 18. Nb3 Re4 19. Nd4 Qh5 20.
Be3 c5 21. Qc4 cxd4 22. Qxd3 dxe3 23. fxe3 Qe5 24. Rf3 b5 25. h3 a6 26. a4 Nd5 27. axb5 axb5 28. Rf8+ Kd7 29. Qxb5+ c6 30.
Ra7+ Nc7 31. Qxe5 1-0

[Event "NJSK 2021 Jeugd C"]
[Site "Almelo, Netherlands"]
[Date "2021.08.07"]
[Round "9.4"]
[White "Verheij, Dana"]
[Black "Bakija, Alan"]
[Result "1/2-1/2"]
[TimeControl "90min + 30sec/move"]
[WhiteElo "1931"]
[BlackElo "1870"]

1. e4 c6 2. Nc3 d5 3. Nf3 Bg4 4. h3 Bxf3 5. Qxf3 e6 6. d4 Qb6 7. exd5 cxd5 8. Bb5+ Nc6 9. O-O Nf6 10.
Re1 Be7 11. Qg3 g6 12. Be3 O-O 13. a3 a6 14. Bd3 Rfc8 15. Na4 Qc7 16. Qxc7 Rxc7 17. Bf4 e5 18. dxe5 Nh5 19. Bh2 b5 20.
Nc3 Rd7 21. e6 fxe6 22. Rxe6 Rc8 23. Rae1 Ng7 24. R6e2 Bg5 25. a4 Nd4 26. Re5 Bd2 27. Rd1 Bxc3 28. bxc3 Rxc3 29. axb5 axb5 30.
Bf4 Ngf5 31. Bxf5 Nxf5 32. Rdxd5 Rxd5 33. Rxd5 Rxc2 34. Rxb5 Rc4 35. Be3 Re4 36. Rb3 h5 37. Bg5 Re1+ 38.
Kh2 Re2 39. Be3 Rc2 40. g4 hxg4 41. hxg4 Nxe3 1/2-1/2

[Event "NJSK 2021 Jeugd C"]
[Site "Almelo, Netherlands"]
[Date "2021.08.07"]
[Round "9.5"]
[White "Blom, Rens"]
[Black "Zecha, Oscar"]
[Result "0-1"]
[TimeControl "90min + 30sec/move"]
[WhiteElo "1650"]
[BlackElo "1650"]

1. c4 Nf6 2. Nc3 e6 3. e4 c5 4.
e5 Ng8 5. Nf3 Nc6 6. d4 cxd4 7. Nxd4 Nxe5 8. Ndb5 a6 9. Nd6+ Bxd6 10. Qxd6 f6 11. Be3 Ne7 12. Bb6 Nf5 13. Qb4 Nc6 14.
Qc5 Qe7 15. Qxe7+ Nfxe7 16. O-O-O d5 17. cxd5 Nxd5 18. Nxd5 exd5 19. g3 Bf5 20. Bg2 Nb4 21. Rhe1+ Kf7 22. Bxd5+ Nxd5 23. Rxd5 Rac8+ 24. Kd1 Be6 25. Rd6 Bxa2 26.
Rd7+ Kg6 27. Ree7 Bb3+ 28. Kd2 Rc2+ 29.
Ke3 Rg8 30. Bd4 b5 31. Ra7 Bc4 32. Kf4 b4 33. h4 h5 34. g4 hxg4 35. Kxg4 Be2+ 36. f3 Rc4 37. Rxe2 Rxd4+ 38. Re4 f5+ 0-1